 Dungeon Crawl Stone Soup version 0.21-a0-278-ga722497 (webtiles) character file.

137 tilp the Firebug (level 5, 0/38 HPs)
             Began as a Hill Orc Fire Elementalist on Sept 20, 2017.
             Was an Initiate of Okawaru.
             Succumbed to an adder's poison
             ... on level 3 of the Dungeon.
             The game lasted 00:07:09 (3063 turns).

tilp the Firebug (Hill Orc Fire Elementalist)       Turns: 3063, Time: 00:07:10

Health: 0/38       AC:  2    Str: 11    XL:     5   Next: 20%
Magic:  5/8        EV: 12    Int: 16    God:    Okawaru [......]
Gold:   90         SH:  0    Dex: 11    Spells: 3/9 levels left

rFire    . . .     SeeInvis .   a - +1 dagger (venom)
rCold    . . .     Gourm    .   (no shield)
rNeg     . . .     Faith    .   k - +0 robe
rPois    .         Spirit   .   x - +0 hat
rElec    .         Reflect  .   (no cloak)
rCorr    .         Harm     .   (no gloves)
MR       .....                  (no boots)
Stlth    ++........             (no amulet)
HPRegen  0.12/turn              (no ring)
MPRegen  0.11/turn              (no ring)

@: lethally poisoned (0 -> -3)
A: no striking features
a: Renounce Religion


You were on level 3 of the Dungeon.
You worshipped Okawaru.
Okawaru was noncommittal.
You were not hungry.

You visited 1 branch of the dungeon, and saw 3 of its levels.

You collected 90 gold pieces.

Inventory:

Hand Weapons
 a - a +1 dagger of venom (weapon)
 b - a +0 hunting sling
Missiles
 i - 35 stones (quivered)
 o - 48 sling bullets
Armour
 j - a +0 helmet
 k - a +0 robe (worn)
 x - a +0 hat (worn)
Jewellery
 u - an uncursed ring of stealth {unknown}
Wands
 y - a wand of iceblast (5/15)
Scrolls
 d - 2 scrolls of identify {unknown}
 n - a scroll of recharging {unknown}
 p - a scroll of teleportation {unknown}
Potions
 f - a potion of flight {unknown}
 g - 2 potions of degeneration {unknown}
 h - a potion of mutation {unknown}
 r - a potion of haste {unknown}
 s - a potion of heal wounds {unknown}
 v - a potion of brilliance {unknown}
Books
 t - a book of Flames

   Spells                             Type                      Level
   a - Flame Tongue                   Conjuration/Fire             1
   b - Throw Flame                    Conjuration/Fire             2
   c - Conjure Flame                  Conjuration/Fire             3
   d - Inner Flame                    Hexes/Fire                   3
   e - Sticky Flame                   Conjuration/Fire             4
   f - Fireball                       Conjuration/Fire             5
Comestibles
 c - a bread ration
 q - a royal jelly
 w - 3 chunks of flesh


   Skills:
 - Level 1.5 Dodging
 - Level 1.5 Stealth
 + Level 2.5 Spellcasting
 + Level 3.0 Conjurations
 + Level 4.3 Fire Magic


You had 3 spell levels left.
You knew the following spells:

 Your Spells              Type           Power        Failure   Level  Hunger
a - Flame Tongue          Conj/Fire      ##...        4%          1    #......
b - Throw Flame           Conj/Fire      ##....       6%          2    ##.....
c - Conjure Flame         Conj/Fire      ##......     13%         3    ###....


Dungeon Overview and Level Annotations

Branches:
Dungeon (3/15)

Altars:
Okawaru

Annotations:
D:3 Natasha


Message History

Aim: an adder (moderately wounded)
The flame tongue hits the adder.
The adder is almost dead.
Natasha hisses angrily.
You feel sick. The adder barely misses you. The adder bites you.
* * * LOW HITPOINT WARNING * * *
Casting: Flame Tongue
Confirm with . or Enter, or press ? or * to list all spells.
Aiming: Flame Tongue
Press: ? - help, Shift-Dir - straight line, f/p - adder
Aim: an adder (almost dead)
The flame tongue hits the adder.
You kill the adder!
Okawaru accepts your kill.
Natasha casts a spell.
* * * LOW HITPOINT WARNING * * *
You feel sick. Natasha claws you.
* * * LOW HITPOINT WARNING * * *
You die...

########## #########........#
##................#
##.................#
#..................##########
#............................
#).........>.......########..
#.<...........r.†g...........
#..<).......@.hg...###...####
##.............5..g.......#
##.............#####..##.#
#############...###.###.#
###.)...###.### ###......r...
##...###...g.. #..###...##g.#
#####......###.g.#


You could see Natasha, 2 gnolls, a crimson imp, a hobgoblin and a rat.

Vanquished Creatures
  Natasha (D:3)
  5 adders
  An ooze (D:1)
  3 worms
  A dart slug (D:1)
  A leopard gecko (D:2)
  7 bats
  3 giant cockroaches
  5 goblins
  8 hobgoblins
  4 jackals
  A quokka (D:2)
  A ball python (D:2)
  A frilled lizard (D:1)
  3 kobolds
  7 rats
52 creatures vanquished.

Notes
Turn   | Place    | Note
-------+----------+-------------------------------------------
     0 | D:1      | tilp the Hill Orc Fire Elementalist began the quest for the Orb.
     0 | D:1      | Reached XP level 1. HP: 14/14 MP: 3/3
   152 | D:1      | Reached XP level 2. HP: 20/20 MP: 0/4
   198 | D:1      | Learned a level 2 spell: Throw Flame
   584 | D:1      | Reached XP level 3. HP: 23/26 MP: 6/6
   592 | D:1      | Learned a level 3 spell: Conjure Flame
  1202 | D:2      | Found an iron altar of Okawaru.
  1206 | D:2      | Became a worshipper of Warmaster Okawaru
  1686 | D:2      | Reached XP level 4. HP: 19/33 MP: 2/7
  1959 | D:2      | Found a faded altar of an unknown god.
  2274 | D:2      | Reached skill level 4 in Fire Magic
  2592 | D:3      | Noticed Natasha
  2608 | D:3      | Killed Natasha
  2608 | D:3      | Reached XP level 5. HP: 14/38 MP: 5/8
  3050 | D:3      | Noticed Natasha
  3062 | D:3      | HP: 1/38 [Natasha (3)]
  3063 | D:3      | Succumbed to an adder's poison

Vault maps used:
D:1:      sevenhm_arrival_forest_fort_small_3
D:2:      overflow_temple_1_default, chequers_ecumenical_altar_grove
D:3:      overflow_temple_1_default, uniq_natasha

Skill      XL: |  1  2  3  4  5 |
---------------+----------------+-----
Conjurations   | 2 3 |  3.0
Spellcasting   | 2 |  2.5
Fire Magic     | 4 |  4.3
Dodging        | |  1.5
Stealth        | |  1.5

Action                   |  1- 3 |  4- 6 || total
-------------------------+-------+-------++-------
Melee: Dagger            |    70 |    48 ||   118
 Cast: Flame Tongue      |    19 |    18 ||    37
       Throw Flame       |     7 |     2 ||     9
       Conjure Flame     |       |     3 ||     3
  Use: Scroll            |       |     3 ||     3
 Stab: Sleeping          |     1 |     2 ||     3
  Eat: Chunk             |     3 |     5 ||     8
Armor: Robe              |    30 |    11 ||    41
Dodge: Dodged            |    61 |    39 ||   100

Table legend:
 A = Spawn XP
 B = Non-spawn XP
 C = Spawn XP percentage of total XP
 D = Spawn monster count
 E = Non-spawn monster count
 F = Spawn count percentage of total count
 G = Total turns spent on level
                    A         B        C        D         E        F      G
               +---------+---------+-------+---------+---------+-------+---------
         Total |       0 |     196 |   0.0 |       0 |      52 |   0.0 |  3063
               +---------+---------+-------+---------+---------+-------+---------
           D:1 |       0 |      40 |   0.0 |       0 |      20 |   0.0 |   964
           D:2 |       0 |      87 |   0.0 |       0 |      20 |   0.0 |  1564
           D:3 |       0 |      69 |   0.0 |       0 |      12 |   0.0 |   535
               +---------+---------+-------+---------+---------+-------+---------
